 Dungeon Crawl Stone Soup version 0.31-b1-17-gcfd88c8481 (webtiles) character file.

Game seed: 756922082469350211

23 PaiMei the Grave Robber (level 2, -8/19 HPs)
             Began as a Demonspawn Necromancer on Jan 15, 2024.
             Killed from afar by Sigmund (11 damage)
             ... with a magic dart
             ... on level 2 of the Dungeon.
             The game lasted 00:01:10 (1169 turns).

PaiMei the Grave Robber (Demonspawn Necromancer)    Turns: 1169, Time: 00:01:11

Health: -8/19      AC:  2    Str:  8    XL:     2   Next: 75%
Magic:  2/5        EV: 12    Int: 15    God:
Gold:   112        SH:  0    Dex: 13    Spells: 4/5 levels left

rFire   . . .        g - +0 short sword
rCold   . . .        (no shield)
rNeg    . . .        a - +0 robe
rPois   .            (no helmet)
rElec   .            (no cloak)
rCorr   .            (no gloves)
SInv    .            (no boots)
Will    .....        (no amulet)
Stlth   ++           (no ring)
HPRegen 0.23/turn    (no ring)
MPRegen 0.09/turn

%: no passive effects
@: no status effects
A: spiny 1
a: no special abilities


You were on level 2 of the Dungeon.
You visited 1 branch of the dungeon, and saw 2 of its levels.

You collected 112 gold pieces.

Inventory:

Hand Weapons
 g - a +0 short sword (weapon)
Missiles
 f - 3 throwing nets
Armour
 a - a +0 robe (worn)
Talismans
 h - a beast talisman
Scrolls
 c - 2 scrolls of identify {unknown}
 d - a scroll of enchant armour {unknown}
 e - a scroll of teleportation {unknown}
 i - a scroll of blinking {unknown}
Potions
 b - a potion of magic
 j - a potion of resistance {unknown}


   Skills:
 + Level 2.1 Dodging
 + Level 2.2 Stealth
 + Level 2.3 Spellcasting
 + Level 4.6 Necromancy


You had 4 spell levels left.
You knew the following spells:

 Your Spells              Type           Power      Damage    Failure   Level
a - Necrotise             Necr           60%        1d7       3%          1

Your spell library contained the following spells:

 Spells                   Type           Power      Damage    Failure   Level
 Vampiric Draining        Necr           15%        2d7       10%         3
 Animate Dead             Necr           15%        N/A       32%         4
 Curse of Agony           Necr           15%        N/A       65%         5


Dungeon Overview and Level Annotations

Branches:
Dungeon (2/15)

Altars:

Annotations:
D:2 Sigmund


Innate Abilities, Weirdness & Mutations

You are partially covered in sharp spines.


Message History

Sigmund shouts!
Sigmund gestures at you while chanting.
You are confused.
You're too confused to move!
You're too confused to cast spells.
Sigmund casts a spell at you. The magic dart hits you.
You're too confused to cast spells.
You're too confused to cast spells.
Your ball python skeleton crumbles into dust!
You're too confused to cast spells.
You're too confused to move!
You feel less confused. Sigmund closely misses you.
Casting: Necrotise (safe; 3% risk of failure)
Confirm with . or Enter, or press ? or * to list all spells.
Aiming: Necrotise (safe; 3% risk of failure)
Press: ? - help, Shift-Dir - straight line, f - Sigmund
Aim: Sigmund, wielding a +3 vampiric scythe and wearing a +0 robe (chance to affect: 79%) Sigmund writhes in agony.
Casting: Necrotise (safe; 3% risk of failure)
Confirm with . or Enter, or press ? or * to list all spells.
Aiming: Necrotise (safe; 3% risk of failure)
Press: ? - help, Shift-Dir - straight line, f/p - Sigmund
Aim: Sigmund, wielding a +3 vampiric scythe and wearing a +0 robe (lightly wounded, chance to affect: 79%) Sigmund writhes in agony.
Sigmund hits you from afar with a +3 vampiric scythe!
Ouch! That really hurt!
* * * LOW HITPOINT WARNING * * *
Casting: Necrotise (safe; 3% risk of failure)
Confirm with . or Enter, or press ? or * to list all spells.
Aiming: Necrotise (safe; 3% risk of failure)
Press: ? - help, Shift-Dir - straight line, f/p - Sigmund
Aim: Sigmund, wielding a +3 vampiric scythe and wearing a +0 robe (lightly wounded, chance to affect: 79%) Sigmund writhes in agony.
Sigmund gestures at you while chanting. The magic dart hits you!
Ouch! That really hurt!
You die...
Sigmund begins carving another notch in his scythe.

###.##### #####.#### #.###.#
###.#### #.# #.# #.# #......#
##+## #.###.# #......# ##...##
#.....# #......# ##...>.##
#.##### #......## ##.......##
#..## ##.......#
#...@.....####...##
...)........+.........+.......#
#####....####...@.....####...##
#.#.## ##.......## #....#
.....# ##.....## #..#.# .##.#
##...## #..#.## # ##'## #.....#
#.# #.##..# #.# #.##..# ##.##
#.....# #####...### #####.#


You could see Sigmund.

Vanquished Creatures
  A ball python (D:2)
  3 bats (D:1)
  2 endoplasms (D:1)
  A giant cockroach (D:2)
  2 hobgoblins (D:1)
  4 kobolds
  3 quokkas (D:1)
  A frilled lizard (D:2)
  A rat (D:2)
18 creatures vanquished.

Vanquished Creatures (collateral kills)
  A goblin (D:1)
1 creature vanquished.

Grand Total: 19 creatures vanquished

Notes
Turn   | Place    | Note
-------+----------+-------------------------------------------
     0 | D:1      | PaiMei the Demonspawn Necromancer began the quest for the
                  | Orb.
     0 | D:1      | Reached XP level 1. HP: 13/13 MP: 3/3
   248 | D:1      | Gained mutation: You are partially covered in sharp spines.
                  | [demonic ancestry]
   248 | D:1      | Reached XP level 2. HP: 19/19 MP: 0/5
  1160 | D:2      | Noticed Sigmund
  1169 | D:2      | Killed from afar by Sigmund

Illustrated notes

Levels and vault maps discovered:
D:1:      dpeg_arrival_shrine, layout_basic, minmay_statues_item
D:2:      layout_loops_corners, minmay_split_cup_small, uniq_sigmund

Skill      XL: |  1 |
---------------+----+-----
Dodging        | 2 |  2.1
Stealth        | 2 |  2.2
Spellcasting   | |  2.3
Necromancy     | |  4.6

Action                     || total
---------------------------++-------
  Melee: Short sword       ||     3
   Cast: Necrotise         ||    30
 Armour: Robe              ||     8
  Dodge: Dodged            ||     3
